 Dungeon Crawl Stone Soup version 0.19.1-28-ge1247f7 (webtiles) character file.

70 Alarkh the Chopper (level 4, 31/35 HPs)
             Began as a Demonspawn Monk on Jan 21, 2017.
             Quit the game on level 2 of the Dungeon.
             The game lasted 00:01:58 (1295 turns).

Alarkh the Chopper (Demonspawn Monk)                Turns: 1295, Time: 00:01:59

Health: 31/35      AC:  5    Str: 11    XL:     4   Next: 4%
Magic:  4/4        EV: 13    Int: 12    God:
Gold:   30         SH:  0    Dex: 16    Spells: 0 memorised, 3 levels left

rFire  + . .     SeeInvis .     a - +0 hand axe
rCold  . . .     Gourm    .     b - +0 robe
rNeg   . . .     Faith    .     (no shield)
rPois  .         Spirit   +     r - +1 hat
rElec  .         Reflect  .     (no cloak)
rCorr  .         Harm     .     (no gloves)
MR     .....                    (no boots)
Stlth  ++........               s - amulet of guardian spirit (curse)
                                (no ring)
                                o - ring of flight

@: no status effects
A: yellow scales 1, demonic guardian 1, fire resistance 1
a: Evoke Flight


You were on level 2 of the Dungeon.
You were not hungry.

You visited 1 branch of the dungeon, and saw 2 of its levels.

You collected 30 gold pieces.

Inventory:

Hand Weapons
 a - a +0 hand axe (weapon)
Missiles
 j - 2 throwing nets (quivered)
Armour
 b - a +0 robe (worn)
 r - a +1 hat (worn)
Jewellery
 o - a ring of flight (left hand)
 s - a cursed amulet of guardian spirit (around neck)
Scrolls
 d - a scroll of noise {unknown}
 e - 4 scrolls of enchant weapon {unknown}
 k - a scroll of remove curse {unknown}
 n - a scroll of identify {unknown}
 q - a scroll of teleportation {unknown}
 u - a scroll of magic mapping {unknown}
 w - a scroll of amnesia {unknown}
Potions
 f - 2 potions of flight {unknown}
 g - a potion of heal wounds {unknown}
 h - a potion of beneficial mutation {unknown}
 i - a potion of curing {unknown}
 m - a potion of resistance {unknown}
 p - a potion of ambrosia {unknown}
Comestibles
 c - 4 bread rations
 l - 3 fruits
 t - 3 chunks of flesh
 v - a meat ration


   Skills:
 - Level 3.0 Fighting
 + Level 4.4 Axes
 - Level 2.6 Dodging
 - Level 1.7 Stealth


You had 3 spell levels left.
You didn't know any spells.

Dungeon Overview and Level Annotations

Branches:
Dungeon (2/15)

Altars:
Makhleb
Uskayaw


Innate Abilities, Weirdness & Mutations

You are partially covered in yellow scales. (AC +2)
A weak demonic guardian rushes to your aid.
Your flesh is heat resistant. (rF+)


Message History

You closely miss the frilled lizard. You hit the bat.
The bat hits you but does no damage. The frilled lizard bites you. x2
You completely miss the frilled lizard. The bat barely misses you.
The frilled lizard misses you.
You completely miss the bat.
The bat is moderately wounded.
You hit the frilled lizard.
You kill the frilled lizard!
The bat hits you but does no damage. The bat barely misses you.
You hit the bat.
You kill the bat!
No target in view!
No target in view!
No target in view!
No target in view!
No target in view!
No target in view!
No target in view!
No target in view!
Are you sure you want to abandon this character and quit the game? (Confirm with "yes".)

#### .# #>.. #######.#
#.## #..<....### #.#
#......... #.#
#.......# #.# #.......#
#.# ####..†....# #.#
#.....@....#########'##
#.####......##....(...#
#...$..##........'
#......##........#
#.#######........#
#.#######........#
#................'
################## #


There were no monsters in sight!

Vanquished Creatures
  An adder (D:2)
  An ooze (D:1)
  2 dart slugs (D:1)
  4 bats
  2 giant cockroaches (D:1)
  7 goblins
  2 hobgoblins
  4 frilled lizards
  4 kobolds
  6 rats
33 creatures vanquished.

Vanquished Creatures (collateral kills)
  A hound (D:2)
1 creature vanquished.

Grand Total: 34 creatures vanquished

Notes
Turn   | Place    | Note
-------+----------+-------------------------------------------
     0 | D:1      | Alarkh the Demonspawn Monk began the quest for the Orb.
     0 | D:1      | Reached XP level 1. HP: 18/18 MP: 1/1
    58 | D:1      | Reached skill level 3 in Axes
    67 | D:1      | Gained mutation: A weak demonic guardian rushes to your aid. [demonic ancestry]
    67 | D:1      | Reached XP level 2. HP: 21/24 MP: 2/2
   750 | D:2      | Gained mutation: You are partially covered in yellow scales. (AC +2) [demonic ancestry]
   750 | D:2      | Reached XP level 3. HP: 29/29 MP: 3/3
   770 | D:2      | Reached skill level 4 in Axes
   783 | D:2      | Found a burning altar of Makhleb.
   817 | D:2      | Found a hide-covered altar of Uskayaw.
  1287 | D:2      | Gained mutation: Your flesh is heat resistant. (rF+) [demonic ancestry]
  1287 | D:2      | Reached XP level 4. HP: 35/35 MP: 4/4
  1295 | D:2      | Quit the game

Skill      XL: |  1  2  3 |
---------------+----------+-----
Axes           | 3 4 |  4.4
Fighting       | |  3.0
Dodging        | |  2.6
Stealth        | |  1.7

Action                   |  1- 3 |  4- 6 || total
-------------------------+-------+-------++-------
Melee: Hand axe          |   102 |     6 ||   108
 Stab: Sleeping          |     3 |       ||     3
  Eat: Chunk             |     1 |       ||     1
Armor: Robe              |    25 |     4 ||    29
Dodge: Dodged            |    68 |     5 ||    73
